Map: Chain of Ascension

Players

Alebay

  • Race: Protoss Protoss
  • Spawn Location: 11:00

MattBarry

  • Race: Zerg Zerg

VOD

Have the link to the VOD?

Description

Time

  • Played on: Dec. 26, 2022, 2:19 a.m.
  • Length: 11:34
Show
View Real Time Build Order
Export as new Build Order

Alebay Protoss 

Build Orders:  

Get SALT Encoding   

  12  0:02  Probe (Chrono Boost)  
  13  0:16  Probe (Chrono Boost)  
  14  0:26  Pylon  
  14  0:30  Probe (Chrono Boost)  
  15  0:51  Probe (Chrono Boost)  
  15  0:58  Assimilator  
  16  1:05  Probe (Chrono Boost)  
  16  1:09  Forge  
  17  1:19  Probe (Chrono Boost)  
  18  1:32  Probe (Chrono Boost)  
  18  1:35  Pylon  
  19  1:46  Probe (Chrono Boost)  
  20  1:54  Assimilator  
  20  2:00  Probe (Chrono Boost)  
  20  2:05  Gateway  
  21  2:14  Probe (Chrono Boost)  
  22  2:20  Gateway  
  22  2:28  Probe (Chrono Boost)  
  23  2:42  Probe (Chrono Boost)  
  23  2:46  Protoss Ground Weapons Level 1  
  24  2:55  Pylon  
  24  2:56  Probe (Chrono Boost)  
  20  3:10  Probe (Chrono Boost)  
  25  3:15  Zealot  
  28  3:23  Probe (Chrono Boost)  
  28  3:27  Zealot  
  31  3:52  Zealot  
  33  4:05  Zealot  
  35  4:30  Zealot  
  37  4:43  Zealot  
  39  5:16  Cybernetics Core  
  39  5:25  Protoss Ground Armor Level 1  
  39  5:31  Dark Pylon  
  39  5:34  Zealot x2  
  43  6:12  Zealot, Stalker  
  47  6:32  Gateway  
  47  6:35  Gateway  
  47  6:44  Warp Gate  
  47  7:00  Dark Pylon  
  41  7:59  Stalker  
  41  8:03  Stalker x3  
  43  8:33  Stalker  
  45  9:02  Gateway  
  45  9:04  Gateway  
  45  9:07  Gateway  
  45  9:15  Stargate  
  45  9:19  Twilight Council  
  45  9:24  Stalker  
  47  9:43  Pylon  
  47  9:45  Pylon  
  47  9:46  Pylon  
  47  9:47  Pylon  
  47  9:51  Pylon  
  47  10:18  Stalker x4  
  55  10:44  Dark Pylon  
  55  10:52  Pylon  
  55  10:56  Photon Cannon x2  
  55  10:57  Stalker x4  
Show
View Real Time Build Order
Export as new Build Order

MattBarry Zerg 

Build Orders:  

Get SALT Encoding   

  18  0:03  Primal Drone  
  19  0:18  Primal Drone  
  20  0:38  Primal Warden  
  21  0:43  Primal Drone  
  21  0:49  Primal Drone  
  23  0:59  Primal Drone  
  24  1:15  Primal Drone  
  24  1:16  Extractor  
  25  1:20  Extractor  
  25  1:21  Primal Drone  
  25  1:26  Primal Drone  
  27  2:11  Primal Drone x3  
  30  2:42  Primal Drone x2  
  32  2:55  Primal Attacks Level 1  
  32  3:41  Glevig's Den  
  32  3:48  Primal Drone x3  
  32  3:49  Primal Drone  
  35  4:57  Primal Warden  
  35  4:58  Primal Warden  
  39  5:03  Primal Warden  
  39  5:04  Primal Warden  
  40  5:14  Primal Warden  
  40  5:27  Primal Wurm  
  41  5:35  Primal Carapace Level 1  
  41  5:43  Primal Drone x4  
  41  5:44  Primal Drone  
  46  5:59  Muscular Augments  
  46  6:31  Primal Drone x3  
  53  8:15  Primal Hive  
  53  8:26  Murvar's Den  
  53  8:29  Primal Hydralisk  
  54  8:30  Primal Hydralisk x5  
  54  8:31  Primal Hydralisk x5  
  54  8:32  Primal Hydralisk x2  
  78  9:55  Primal Wurm  
  80  10:00  Primal Wurm  
  80  10:48  Primal Drone x2  
  80  10:49  Primal Drone x3  
  85  10:51  Primal Drone  
  85  10:52  Primal Drone x4  
Tags
 
Add a new tag
Caveats
  • Supply blocks, unpowered buildings, or Contaminate may cause inaccurate times.
  • Supply counts are checked every 10 seconds.